 Dungeon Sprint DCSS version 0.27.1-33-g824d729ab1 (webtiles) character file.

Game seed: 10129943106834622099

298 Adenis the Unseen (level 6, -12/47 HPs)
             Began as a Vampire Brigand on Dec 6, 2021.
             Mangled by a slime creature (19 damage)
             ... in the Dungeon (Sprint I: "Red Sonja").
             The game lasted 00:00:39 (408 turns).

Adenis the Unseen (Vampire Brigand)                  Turns: 408, Time: 00:00:40

Health: -12/47     AC:  3    Str: 10    XL:     6   Next: 13%
Magic:  6/6        EV: 12    Int: 14    God:
Gold:   162        SH:  0    Dex: 17    Spells: 5/5 levels left

rFire    . . .     SeeInvis +   a - +2 dagger
rCold    . . .     Faith    .   (no shield)
rNeg     . . .     Spirit   .   b - +0 robe
rPois    .         Reflect  .   (no helmet)
rElec    .         Harm     .   c - +0 cloak
rCorr    .         Rampage  .   (no gloves)
Will     .....     NoTele   +   (no boots)
Stlth    ++++++....             (no amulet)
HPRegen  0.35/turn              (no ring)
MPRegen  0.10/turn              (no ring)

@: healing quickly
A: alive, fangs 3, see invisible, vampiric 2
a: Exsanguinate


You were in the Dungeon.
You visited 1 branch You collected 162 gold pieces.

Inventory:

Hand Weapons
 a - a +2 dagger (weapon)
Missiles
 d - 8 poisoned darts (quivered)
 e - 2 curare-tipped darts
Armour
 b - a +0 robe (worn)
 c - a +0 cloak (worn)
Wands
 l - a wand of flame (15)
Scrolls
 k - a scroll of blinking
Potions
 f - a potion of curing
 g - a potion of heal wounds
 h - a potion of haste
 i - 2 potions of magic
 j - a potion of berserk rage


   Skills:
 + Level 3.5 Fighting
 + Level 6.3 Short Blades
 + Level 3.4 Throwing
 + Level 2.1 Dodging
 + Level 15.8 Stealth


You had 5 spell levels left.
You didn't know any spells.
Your spell library was empty.

Dungeon Overview and Level Annotations

Branches:
Dungeon (1/1)

Altars:
Makhleb
Sif Muna
Vehumet
Wu Jian
Xom
Jiyva
Lugonu


Innate Abilities, Weirdness & Mutations

Your natural rate of healing is accelerated.
You have razor-sharp teeth.
You have supernaturally acute eyesight. (SInv)
You are afflicted with vampirism and can become a bat while bloodless.


Message History

You hit the slime creature.
The slime creature is lightly wounded.
You hit the slime creature.
The slime creature is lightly wounded.
The slime creature hits you!
You hit the slime creature but do no damage.
The slime creature is lightly wounded.
The slime creature misses you.
You hit the slime creature.
The slime creature is lightly wounded.
You hit the slime creature.
The slime creature is moderately wounded.
The slime creature closely misses you.
You hit the slime creature.
The slime creature is moderately wounded.
The slime creature hits you!
You hit the slime creature.
The slime creature is moderately wounded.
You hit the slime creature.
The slime creature is moderately wounded.
The slime creature barely misses you.
You hit the slime creature but do no damage.
The slime creature is moderately wounded.
The slime creature hits you!
* * * LOW HITPOINT WARNING * * *
The slime creature hits you!
* * * LOW HITPOINT WARNING * * *
There is an open door here.
Found a radiant altar of Vehumet.
You see here a scroll labelled DOHIYWK VALL.
You see here 11 gold pieces.
There is an ornate altar of the Wu Jian Council here.
The helpless jelly fails to defend itself.
You perforate the jelly like a sieve!!!!
You kill the jelly!
You hit the slime creature but do no damage.
You bite the slime creature.
The slime creature is moderately wounded.
The slime creature hits you!!
You die...

###################
#<.#..'..#.)'..#__#
#..').#.)'..#..'..+
#..#####'#####'#__#
#..# #..# #?####
#..# #### ##$# #..#
#+#_.+ #⌠⌠# +@J._#
#### #_.#+# ##+#


You could see a slime creature.

Vanquished Creatures
  Sigmund (D)
  An ogre (D)
  A jelly (D)
  Ijyb (D)
4 creatures vanquished.

Notes
Turn   | Place    | Note
-------+----------+-------------------------------------------
     0 | D        | Adenis the Vampire Brigand began the quest for the Orb.
     0 | D        | Reached XP level 1. HP: 16/16 MP: 1/1
     2 | D        | Noticed Ijyb
    16 | D        | Killed Ijyb
    17 | D        | Reached skill level 9 in Stealth
    17 | D        | Reached XP level 2. HP: 2/22 MP: 2/2
   358 | D        | Noticed an ogre
   361 | D        | Killed an ogre
   362 | D        | Reached skill level 12 in Stealth
   362 | D        | Gained mutation: You are afflicted with vampirism and can
                  | become a bat while bloodless. [Vampire growth]
   362 | D        | Reached XP level 3. HP: 28/28 MP: 3/3
   362 | D        | Reached XP level 4. HP: 34/34 MP: 4/4
   372 | D        | Noticed Sigmund
   375 | D        | Killed Sigmund
   376 | D        | Reached skill level 15 in Stealth
   376 | D        | Reached XP level 5. HP: 41/41 MP: 5/5
   376 | D        | Reached XP level 6. HP: 47/47 MP: 6/6
   388 | D        | Found an ornate altar of the Wu Jian Council.
   388 | D        | Found a shimmering blue altar of Sif Muna.
   389 | D        | Found a burning altar of Makhleb.
   389 | D        | Found a viscous altar of Jiyva.
   389 | D        | Found a shimmering altar of Xom.
   389 | D        | Found a corrupted altar of Lugonu.
   389 | D        | Noticed a slime creature
   402 | D        | Found a radiant altar of Vehumet.
   408 | D        | Mangled by a slime creature

Illustrated notes

Levels and vault maps discovered:
D:        dungeon_sprint_1 [red_sonja_temple_1, red_sonja_temple_small_1]

Skill      XL: |  1  2  3  4 |
---------------+-------------+-----
Fighting       | 2 3 |  3.5
Short Blades   | 3 4 6 |  6.3
Throwing       | 2 3 |  3.4
Stealth        | 9 12 15 | 15.8
Dodging        | 2 |  2.1

Action                   |  1- 3 |  4- 6 || total
-------------------------+-------+-------++-------
Melee: Dagger            |    14 |    12 ||    26
       Bite              |     1 |     1 ||     2
 Stab: Sleeping          |     1 |     2 ||     3
Dodge: Dodged            |     7 |     3 ||    10
